 Dungeon Crawl Stone Soup version 0.19-a0-1178-gcc2d2a7 (webtiles) character file.

8783 Magifyre the Severer (level 11, -3/60 HPs)
             Began as a Gargoyle Berserker on Aug 16, 2016.
             Was an Elder of Trog.
             Slain by a gargoyle
             ... wielding a +0 morningstar
              (14 damage)
             ... in a labyrinth on Aug 17, 2016.
             The game lasted 00:35:08 (10735 turns).

Magifyre the Severer (Gargoyle Berserker)          Turns: 10735, Time: 00:35:09

Health: -3/60      AC: 23    Str: 23    XL:     11   Next: 36%
Magic:  11/11      EV:  7    Int:  9    God:    Trog [****..]
Gold:   678        SH:  0    Dex:  9    Spells: 0 memorised, 10 levels left

rFire  . . .     SeeInvis .     A - +0 war axe
rCold  . . .     Gourm    .     V - +0 plate armour
rNeg   + . .     Faith    .     (no shield)
rPois  ∞         Spirit   .     (no helmet)
rElec  +         Dismiss  .     F - +0 cloak
rCorr  .         Reflect  .     m - +2 pair of gloves
MR     .....     Harm     .     H - +0 pair of boots
Stlth  ..........               (no amulet)
                                (no ring)
                                (no ring)

@: no status effects
A: negative energy resistance 1, electricity resistance, unbreathing,
petrification resistance, rot immunity, AC +7
a: Berserk, Trog's Hand, Brothers in Arms, Burn Spellbooks, Renounce Religion


You were in a labyrinth.
You worshipped Trog.
Trog was greatly pleased with you.
You were hungry.

You visited 2 branches of the dungeon, and saw 12 of its levels.
You also visited: Labyrinth.

You collected 678 gold pieces.

Inventory:

Hand Weapons
 A - a +0 war axe (weapon)
Armour
 m - a +2 pair of gloves (worn)
 F - a +0 cloak (worn)
 H - a +0 pair of boots (worn)
 V - a +0 plate armour (worn)
Wands
 k - a wand of disintegration (7/24)
 w - a wand of acid (5/15)
 G - a wand of digging (14/24)
 K - a wand of acid (3/15)
 N - a wand of teleportation (4/9)
 T - a wand of confusion (20/48)
 Y - a wand of heal wounds (6/9)
Scrolls
 d - 2 scrolls of teleportation {unknown}
 f - a scroll of holy word {unknown}
 h - 2 scrolls of amnesia {unknown}
 j - 4 scrolls of remove curse {unknown}
 l - 2 scrolls of fear {unknown}
 p - 6 scrolls of fog {unknown}
 s - a scroll of identify
 t - 2 scrolls of enchant weapon {unknown}
 x - 3 scrolls of immolation {unknown}
 y - a scroll of blinking {unknown}
 C - a scroll of random uselessness {unknown}
 M - 2 scrolls of noise {unknown}
 P - 5 scrolls of recharging {unknown}
 Q - 2 scrolls of enchant armour {unknown}
Potions
 a - 3 potions of heal wounds
 e - 6 potions of curing
 n - a potion of berserk rage {unknown}
 q - 4 potions of resistance
 r - a potion of cure mutation {unknown}
 u - a potion of beneficial mutation {unknown}
 z - 5 potions of flight
 B - 2 potions of invisibility
 D - 2 potions of cancellation
 J - a potion of haste {unknown}
 L - a potion of might
 U - a potion of mutation {unknown}
Books
 i - a book of Conjurations

   Spells                             Type                      Level
   a - Magic Dart                     Conjuration                  1
   b - Searing Ray                    Conjuration                  2
   c - Dazzling Spray                 Conjuration/Hexes            3
   d - Fulminant Prism                Conjuration/Hexes            4
   e - Iskenderun's Mystic Blast      Conjuration                  4
   f - Iskenderun's Battlesphere      Conjuration/Charms           5
   Trog disapproves of the use of such an item.
 o - a book of Necromancy

   Spells                             Type                      Level
   a - Pain                           Necromancy                   1
   b - Animate Skeleton               Necromancy                   1
   c - Vampiric Draining              Necromancy                   3
   d - Regeneration                   Charms/Necromancy            3
   e - Animate Dead                   Necromancy                   4
   f - Control Undead                 Necromancy                   4
   Trog disapproves of the use of such an item.
 R - a book of Party Tricks

   Spells                             Type                      Level
   a - Summon Butterflies             Summoning                    1
   b - Apportation                    Translocation                1
   c - Tukima's Dance                 Hexes                        3
   d - Alistair's Intoxication        Transmutation/Poison         5
   e - Invisibility                   Hexes                        6
   Trog disapproves of the use of such an item.
 S - a book of Unlife

   Spells                             Type                      Level
   a - Recall                         Summoning/Translocation      3
   b - Animate Dead                   Necromancy                   4
   c - Control Undead                 Necromancy                   4
   d - Cigotuvi's Embrace             Necromancy                   5
   e - Death Channel                  Necromancy                   6
   f - Simulacrum                     Ice/Necromancy               6
   Trog disapproves of the use of such an item.
Miscellaneous
 g - a fan of gales
 I - a phantom mirror
Comestibles
 b - 5 meat rations
 c - 5 bread rations
 v - 5 beef jerkies
 W - 10 royal jellies


   Skills:
 - Level 3.2 Fighting
 + Level 15.3 Axes
 - Level 2.1 Armour
 - Level 1.5 Dodging


You had 10 spell levels left.
You didn't know any spells.

Dungeon Overview and Level Annotations

Branches:
Dungeon (11/15)            Temple (1/1) D:4            Lair (0/6) D:9
    Orc: D:9-12

Altars:
Cheibriados
Dithmenos
Elyvilon
Fedhas
Gozag
Hepliaklqana
Kikubaaqudgha
Makhleb
Nemelex Xobeh
Okawaru
Qazlal
Ru
Sif Muna
Trog
Uskayaw
Vehumet
Xom
Yredelemnul
Zin
The Shining One


Innate Abilities, Weirdness & Mutations

You are resistant to torment.
Your stone body is resilient. (AC +7)
You are immune to poison.
You resist negative energy. (rN+)
You are resistant to electric shocks. (rElec)
You can survive without breathing.
You are immune to petrification.
You are immune to rotting.


Message History

The gargoyle is heavily damaged.
Your plate armour prevents you from hitting the gargoyle.
The gargoyle is heavily damaged.
The gargoyle hurls a stone arrow at you.
The stone arrow hits you!
You hit the gargoyle but do no damage.
The gargoyle is heavily damaged.
You are feeling hungry.
The gargoyle hits you with a morningstar!
* * * LOW HITPOINT WARNING * * *
You hit the gargoyle.
The gargoyle is heavily damaged.
You hit the gargoyle but do no damage.
The gargoyle is heavily damaged.
The gargoyle hurls a stone arrow at you.
The stone arrow hits you!
You barely miss the gargoyle.
The gargoyle is heavily damaged.
The gargoyle hits you with a morningstar!
You die...

▓ ▓▓▓
....##### .
.#.#.#.#.# #
...# #...#
#..#.# .#@#
. #...#9#
#..# #.#.#.#
#..#...#.#..
#.. .#.#.#.#
# ##
###.####
#...... # ..
#)###.###. #
#). # # #..


You could see a gargoyle.

Vanquished Creatures
  2 hill giants (D:10)
  An ugly thing (D:11)
  The ghost of wa11 the Archer, a novice CeHu (D:6)
  Joseph (D:9)
  4 gargoyles
  The ghost of Magifyre the Chopper, a novice GrBe of Trog (D:4)
  Prince Ribbit (D:7)
  A wraith (D:9)
  A basilisk (D:10)
  A hungry ghost (D:9)
  Menkaure (D:7)
  Edmund (D:6)
  3 water moccasins
  2 hell hounds (D:9)
  An ice beast (D:5)
  3 sky beasts
  A phantom (D:4)
  An orc warrior (D:9)
  3 wasps (D:10)
  6 ogres
  3 centaurs
  2 big kobolds
  9 giant frogs
  3 scorpions
  A water moccasin skeleton (D:5)
  6 howler monkeys
  4 crimson imps
  2 giant frog zombies
  A centaur zombie (D:10)
  3 jellies
  A quasit (D:9)
  5 hounds
  A giant frog skeleton (D:5)
  5 orc priests
  6 orc wizards
  Crazy Yiuf (D:4)
  3 iguanas
  4 worker ants
  A hound zombie (D:11)
  2 hound skeletons
  11 adders
  2 shadow imps
  4 oozes
  An adder zombie (D:5)
  An adder skeleton (D:8)
  3 worms
  4 dart slugs
  A giant gecko (D:6)
  22 orcs
  6 giant cockroaches
  7 hobgoblins
  4 jackals (D:6)
  6 quokkas
  2 ball pythons
  6 bats
  A giant gecko skeleton (D:4)
  5 giant newts
  5 goblins
  2 jackal zombies (D:8)
  10 kobolds
  5 rats
207 creatures vanquished.

Notes
Turn   | Place    | Note
-------+----------+-------------------------------------------
     0 | D:1      | Magifyre the Gargoyle Berserker began the quest for the Orb.
     0 | D:1      | Reached XP level 1. HP: 14/14 MP: 1/1
   338 | D:1      | Reached skill level 3 in Axes
   361 | D:1      | Reached XP level 2. HP: 19/19 MP: 2/2
   807 | D:2      | Reached XP level 3. HP: 22/23 MP: 3/3
   907 | D:2      | Reached skill level 4 in Axes
   916 | D:2      | Reached ** piety under Trog
  1380 | D:3      | Found a shadowy altar of Dithmenos.
  1443 | D:3      | Reached XP level 4. HP: 14/28 MP: 4/4
  1716 | D:3      | You fall through a shaft!
  1853 | D:4      | Found a staircase to the Ecumenical Temple.
  2025 | D:4      | Noticed a giant frog
  2043 | D:4      | Killed a giant frog
  2043 | D:4      | Reached skill level 5 in Axes
  2043 | D:4      | Reached XP level 5. HP: 21/32 MP: 5/5
  2480 | D:4      | Found an opulent altar of Gozag.
  2499 | D:4      | Found a hide-covered altar of Uskayaw.
  2568 | D:4      | Noticed Magifyre's ghost (novice GrBe)
  2581 | D:4      | Reached XP level 6. HP: 30/37 MP: 6/6
  2585 | D:4      | Reached skill level 6 in Axes
  2602 | D:4      | Killed Magifyre's ghost
  2602 | D:4      | Reached skill level 7 in Axes
  2602 | D:4      | Reached XP level 7. HP: 21/41 MP: 7/7
  2872 | D:4      | Found a runed door.
  3497 | D:4      | Noticed Crazy Yiuf
  3505 | D:4      | Killed Crazy Yiuf
  3602 | D:3      | Found a burning altar of Makhleb.
  3910 | Temple   | Entered the Ecumenical Temple
  4179 | D:5      | Entered Level 5 of the Dungeon
  4197 | D:4      | Reached skill level 8 in Axes
  4457 | D:5      | Reached XP level 8. HP: 46/46 MP: 8/8
  4479 | D:5      | Reached skill level 9 in Axes
  4688 | D:5      | Found a snail-covered altar of Cheibriados.
  4754 | D:5      | Found an iron altar of Okawaru.
  4767 | D:5      | Reached *** piety under Trog
  5020 | D:5      | Found a sparkling altar of Nemelex Xobeh.
  5090 | D:5      | Found a deep blue altar of Sif Muna.
  5218 | D:6      | Noticed Edmund
  5230 | D:6      | Reached skill level 10 in Axes
  5245 | D:6      | Killed Edmund
  5329 | D:6      | Reached XP level 9. HP: 49/51 MP: 9/9
  5555 | D:6      | Reached skill level 11 in Axes
  5583 | D:6      | Noticed wa11's ghost (novice CeHu)
  5597 | D:6      | Killed wa11's ghost
  5956 | D:7      | Noticed Menkaure
  5957 | D:7      | Noticed Prince Ribbit
  5963 | D:7      | Killed Menkaure
  5993 | D:7      | Killed Prince Ribbit
  5993 | D:7      | Reached skill level 12 in Axes
  6246 | D:7      | Reached **** piety under Trog
  6335 | D:7      | Reached XP level 10. HP: 49/56 MP: 10/10
  6704 | D:8      | Found a white marble altar of Elyvilon.
  6752 | D:8      | Found a glowing golden altar of the Shining One.
  6909 | D:8      | Found a blossoming altar of Fedhas.
  7054 | D:9      | Noticed Joseph
  7076 | D:9      | Killed Joseph
  7076 | D:9      | Reached skill level 13 in Axes
  7676 | D:9      | Paralysed by fainting for 12 turns
  7935 | D:9      | Found a staircase to the Lair.
  8554 | D:10     | Entered Level 10 of the Dungeon
  8620 | D:10     | Reached skill level 14 in Axes
  8921 | D:10     | Reached ***** piety under Trog
  8999 | D:10     | Noticed a hill giant
  9008 | D:10     | Killed a hill giant
  9008 | D:10     | Reached XP level 11. HP: 60/60 MP: 11/11
  9360 | D:10     | Noticed a hill giant
  9370 | D:10     | Killed a hill giant
  9764 | D:11     | Noticed a cyan ugly thing
  9787 | D:11     | Killed a cyan ugly thing
  9787 | D:11     | Reached skill level 15 in Axes
 10020 | D:11     | Found a labyrinth entrance.
 10025 | Lab      | Entered a labyrinth
 10735 | Lab      | Slain by a gargoyle

Vault maps used:
D:1:      lemuel_arrival_tunnels
D:3:      grunt_dithmenos_smoke_and_mirrors, lightli_temple_of_fire, first_bread
D:4:      lemuel_crystal_altar, lemuel_round_altar, serial_glass,
          glass_columns_b, glass_columns_a, uniq_crazy_yiuf_cottage
D:5:      slow_altar_1, nicolae_overflow_hidden_temple,
          nemelex_xobeh_ov_fountains_minmay, kennysheep_okawaru_gauntlet,
          lemuel_coloured_pillars_altar, wad_rectangle_vault
D:6:      minmay_misc_feat_enclosed, uniq_edmund
D:7:      uniq_menkaure, uniq_prince_ribbit1
D:8:      minmay_distorted_concentric_squares, kennysheep_little_box,
          overflow_temple_1_default, tso_metal_star
D:9:      minmay_lair_entry_lava, uniq_joseph
D:10:     hangedman_pestilent_swarm
D:11:     lab_entry_generic, enter_bailey_7, grunt_ministairs_12
Temple:   compressed_dpeg_triangle_lava_temple
Lab:      nicolae_lab_do_over, nicolae_lab_checkerboard, nicolae_lab_grate,
          nicolae_lab_plus, nicolae_lab_t_cross

Skill      XL: |  1  2  3  4  5  6  7  8  9 10 11 |
---------------+----------------------------------+-----
Axes           | 3 4 5 7 8 10 12 14 15 | 15.3
Fighting       | |  3.2
Armour         | |  2.1
Dodging        | |  1.5

Action                   |  1- 3 |  4- 6 |  7- 9 | 10-12 || total
-------------------------+-------+-------+-------+-------++-------
Melee: Hand axe          |   123 |    52 |       |       ||   175
       War axe           |       |    58 |   349 |   478 ||   885
Invok: Berserk           |     1 |     2 |       |     7 ||    10
       Trog's Hand       |       |     1 |     5 |     5 ||    11
Evoke: Wand              |       |       |     4 |       ||     4
  Use: Scroll            |       |       |       |     9 ||     9
  Eat: Chunk             |     3 |     4 |    16 |    18 ||    41
       Fruit             |       |       |       |    10 ||    10
       Pizza             |       |       |       |     1 ||     1
Armor: Animal skin       |    21 |       |       |       ||    21
       Ring mail         |    24 |       |       |       ||    24
       Chain mail        |    13 |    91 |   239 |   147 ||   490
       Plate armour      |       |       |       |   118 ||   118
Dodge: Dodged            |    83 |    43 |   117 |   134 ||   377
